 Dungeon Crawl Stone Soup version 0.19-a0-1899-g2d93087 (webtiles) character file.

63182 PurpleRed the Executioner (level 14, -15/136 HPs)
             Began as a Minotaur Fighter on Oct 19, 2016.
             Was the Champion of Makhleb.
             Killed from afar by a lich (34 damage)
             ... with a bolt of negative energy
             ... on level 1 of the Abyss.
             The game lasted 00:37:53 (15883 turns).

PurpleRed the Executioner (Minotaur Fighter)       Turns: 15883, Time: 00:37:54

Health: -15/136    AC: 31    Str: 31    XL:     14   Next: 67%
Magic:  0/22       EV: 12    Int:  5    God:    Makhleb [******]
Gold:   1097       SH:  7    Dex: 10    Spells: 2 memorised, 9 levels left

rFire  . . .     SeeInvis +     x - +2 war axe (flame)
rCold  + . .     Gourm    .     c - +10 plate armour {ponderous}
rNeg   . . .     Faith    .     M - +3 warlock's mirror {reflect}
rPois  .         Spirit   +     (helmet restricted)
rElec  +         Reflect  +     G - +1 cloak of Starlight {rElec rC+ EV+4 Stlth--}
rCorr  .         Harm     .     L - +0 pair of gloves
MR     +....                    e - +0 pair of boots
Stlth  ..........               W - amulet of guardian spirit
                                Q - ring of see invisible
                                A - ring of magical power

@: mighty, very slightly contaminated, drained, slow
A: retaliatory headbutt, horns 2
a: Minor Destruction, Lesser Servant of Makhleb, Major Destruction, Greater
Servant of Makhleb, Renounce Religion


You were on level 1 of the Abyss.
You worshipped Makhleb.
Makhleb was exalted by your worship.
You were not hungry.

You visited 3 branches of the dungeon, and saw 18 of its levels.
You visited the Abyss 1 time.
You also visited: Ossuary.

You collected 1783 gold pieces.
You spent 686 gold pieces at shops.

Inventory:

Hand Weapons
 h - a +0 battleaxe
 v - a +2 dagger of distortion
 x - a +2 war axe of flaming (weapon)
Armour
 c - a +10 plate armour of ponderousness (worn)
 e - a +0 pair of boots (worn)
 G - the +1 cloak of Starlight (worn) {rElec rC+ EV+4 Stlth--}
   (You bought it in a shop on level 4 of the Dungeon)

   It affects your evasion (+4).
   It protects you from cold.
   It insulates you from electricity.
   It makes you much less stealthy.
 L - a +0 pair of gloves (worn)
 M - the +3 warlock's mirror (worn) {reflect}
   (You acquired it on level 15 of the Dungeon)
 Z - a +0 plate armour of positive energy
Jewellery
 q - an uncursed ring of positive energy
 u - an uncursed ring of fire
 A - a ring of magical power (left hand)
 P - an uncursed ring of flight
 Q - a ring of see invisible (right hand)
 U - an uncursed ring of wizardry
 W - an amulet of guardian spirit (around neck)
 Y - a +3 ring of protection
Wands
 B - a wand of acid (0/15)
 F - a wand of enslavement (14/24)
 S - a wand of disintegration (13/24)
Scrolls
 i - a scroll of enchant weapon
 k - 4 scrolls of remove curse
 o - 5 scrolls of teleportation
 p - 2 scrolls of enchant armour
 s - a scroll of blinking
 w - 2 scrolls of immolation
 y - 3 scrolls of recharging
 C - 5 scrolls of amnesia
 R - a scroll of fear
 X - 3 scrolls of fog
Potions
 a - a potion of cure mutation
 b - 3 potions of ambrosia
 l - 2 potions of curing
 m - 3 potions of agility
 n - a potion of magic
 r - a potion of brilliance
 t - 2 potions of lignification
 I - 3 potions of haste {unknown}
 K - a potion of berserk rage {unknown}
 T - a potion of flight {unknown}
Books
 N - a book of Geomancy

   Spells                             Type                      Level
   a - Sandblast                      Earth                        1
   b - Passwall                       Transmutation/Earth          2
   c - Stone Arrow                    Conjuration/Earth            3
   d - Petrify                        Transmutation/Earth          4
   e - Lee's Rapid Deconstruction     Earth                        5
Miscellaneous
 V - a phial of floods (inert)
Comestibles
 f - 9 bread rations
 g - 8 meat rations
 E - 9 royal jellies


   Skills:
 + Level 15.7(14.8) Fighting
 * Level 21.0(20.0) Axes
 + Level 13.7(12.9) Armour
 - Level 3.6(2.9) Shields


You had 9 spell levels left.
You knew the following spells:

 Your Spells              Type           Power        Failure   Level  Hunger
a - Repel Missiles        Chrm/Air       #.....       100%        2    ###....
b - Blink                 Tloc           N/A          100%        2    ###....


Dungeon Overview and Level Annotations

Branches:
Dungeon (15/15)            Temple (1/1) D:5            Lair (0/6) D:9
    Orc (2/2) D:12         Vaults (0/5) D:13         Depths (0/5) D:15
    Elf: Orc:2

Altars:
Ashenzari
Cheibriados
Dithmenos
Elyvilon
Fedhas
Gozag
Hepliaklqana
Kikubaaqudgha
Makhleb
Nemelex Xobeh
Okawaru
Qazlal
Ru
Sif Muna
Trog
Uskayaw
Vehumet
Xom
Yredelemnul
Zin
The Shining One
Beogh

Shops:
D:4 :[   D:8 *

Annotations:
D:6 moogleknight's ghost, novice OgAM
Orc:2 Saint Roka; Sonja


Innate Abilities, Weirdness & Mutations

You reflexively headbutt those who attack you in melee.
You have a pair of horns on your head.


Message History

You are poisoned.
* * * LOW HITPOINT WARNING * * *
The rakshasa blinks!
The great orb of eyes bites you but does no damage.
You feel sick.
The rakshasa hits you but does no damage.
The lich touches you but does no damage.
The great orb of eyes bites you but does no damage.
The raiju bites you.
* * * LOW HITPOINT WARNING * * *
The raiju shocks you. You resist.
* * * LOW HITPOINT WARNING * * *
You can move again.
* * * LOW HITPOINT WARNING * * *
You feel sick. You block the raiju's attack.
Unknown command.
You feel better.
The lich points at you and mumbles some strange words.
The bolt of negative energy hits you!
You feel drained.
You die...

# .#. # #. ### ..#
##. . #.##.. ##
#...## #.#.%.. ..
#. ...# .#.#. .#
.......####R..#.#
##.WW###.#..)#
....#R.D.#@..#
#....# ..##Lh..# #
.#...R#x.G##....#
.#.#....h##....#..#
#..#.. #..#.# ...
?.##...#.....# #.
..#..#..#.#...
####..h.# .## #...
...# .## #


You could see a lich, a great orb of eyes, a rakshasa, 2 raiju and a small
abomination.

Vanquished Creatures
  A vampire knight (D:12)
  A yaktaur captain (D:15)
  A fire dragon (D:15)
  Erolcha (Orc:1)
  An ogre mage (D:15)
  2 hydras
  8 vault guards (D:13)
  6 centaur warriors
  2 death knights
  The ghost of jamesreid the Thaumaturge, a novice DgWz (D:10)
  A vampire mage (D:12)
  An orc high priest (Orc:2)
  The ghost of PurpleRed the Cleaver, a novice MiFi of Makhleb (D:9)
  A skeletal warrior (D:14)
  A wretched star (Abyss:1)
  Nergalle (Orc:1)
  2 unseen horrors
  A wizard (D:14)
  Pikel (D:5)
  A phantasmal warrior (D:15)
  7 hill giants
  An orc knight (Orc:1)
  6 ugly things (D:14)
  A manticore (D:13)
  3 deep elf magi
  A worldbinder (Abyss:1)
  2 cyclopes
  A centaur zombie (D:14)
  Psyche (D:8)
  A komodo dragon (D:14)
  A dire elephant skeleton (Abyss:1)
  A redback zombie (D:15)
  8 centaur skeletons
  4 yaktaurs (D:15)
  7 trolls
  Grinder (D:3)
  3 raiju (Abyss:1)
  3 two-headed ogres
  2 hornets
  2 slime creatures
  5 hippogriffs
  2 small abominations (Abyss:1)
  17 flying skulls (D:12)
  A shadow (D:13)
  A ynoxinul (Abyss:1)
  A wyvern (D:10)
  20 yaks
  5 wraiths
  7 vampires (D:12)
  Eustachio (D:4)
  A basilisk (D:12)
  A chaos spawn (Abyss:1)
  3 hungry ghosts
  2 wargs (D:9)
  7 vampire mosquitoes
  3 soldier ants
  Edmund (D:4)
  3 water moccasins
  2 porcupines (D:12)
  20 orc warriors
  3 large abominations (Abyss:1)
  4 sky beasts
  A black bear (D:7)
  4 ice beasts
  3 phantoms
  A necrophage (D:7)
  14 ogres
  The ghost of SLaR the Shield-Bearer, an amateur DsFi (D:3)
  18 centaurs
  A crocodile (D:14)
  A big kobold (D:7)
  9 bullfrogs
  A wyvern skeleton (D:11)
  4 scorpions
  16 killer bees
  4 howler monkeys
  14 wights
  7 crimson imps
  A quasit (D:13)
  3 bullfrog zombies
  8 hounds
  7 jellies
  8 human zombies
  3 bullfrog skeletons
  13 orc priests
  A gnoll shaman (Orc:2)
  18 orc wizards
  Ijyb (D:2)
  10 iguanas
  17 worker ants
  A killer bee zombie (D:6)
  4 big kobold zombies (Ossuary)
  2 hound zombies
  Robin (D:2)
  2 mummies (Ossuary)
  3 worker ant zombies
  9 gnolls
  17 adders
  A howler monkey skeleton (D:9)
  2 river rats (D:12)
  2 shadow imps
  7 oozes
  An adder zombie (D:5)
  6 adder skeletons
  2 worms
  2 dart slugs
  4 leopard geckos
  81 orcs
  13 bats
  3 giant cockroaches
  6 hobgoblins (D:2)
  16 jackals
  6 quokkas
  2 ball pythons
  5 frilled lizards
  12 goblins
  2 goblin zombies (Ossuary)
  3 hobgoblin zombies (Ossuary)
  12 kobolds
  A leopard gecko zombie (D:5)
  4 orc zombies (Ossuary)
  3 rats
625 creatures vanquished.

Vanquished Creatures (collateral kills)
  An orc warrior (Orc:2)
  An orc wizard (Orc:2)
2 creatures vanquished.

Vanquished Creatures (others)
  A crimson imp (D:5)
  A quasit (D:5)
  An adder (D:5)
  An orc (D:5)
4 creatures vanquished.

Grand Total: 631 creatures vanquished

Notes
Turn   | Place    | Note
-------+----------+-------------------------------------------
     0 | D:1      | PurpleRed the Minotaur Fighter began the quest for the Orb.
     0 | D:1      | Reached XP level 1. HP: 19/19 MP: 0/0
     1 | D:1      | Found a runed door.
    13 | D:1      | Reached skill level 3 in Axes
    13 | D:1      | Reached XP level 2. HP: 27/27 MP: 1/1
    25 | D:1      | Reached XP level 3. HP: 22/33 MP: 2/2
   152 | D:2      | Reached skill level 4 in Axes
   218 | D:2      | Noticed Robin
   225 | D:2      | Reached XP level 4. HP: 24/41 MP: 3/3
   230 | D:2      | Killed Robin
   269 | D:2      | Found a glowing golden altar of the Shining One.
   520 | D:2      | Noticed Ijyb
   524 | D:2      | Killed Ijyb
   524 | D:2      | Reached skill level 5 in Fighting
   524 | D:2      | Reached skill level 5 in Axes
   890 | D:3      | Reached XP level 5. HP: 41/48 MP: 4/4
   921 | D:3      | Found a basalt altar of Yredelemnul.
   932 | D:3      | Noticed SLaR's ghost (amateur DsFi)
   941 | D:3      | Killed SLaR's ghost
   957 | D:3      | Found a hazy altar of Hepliaklqana.
   989 | D:3      | Noticed Grinder
   993 | D:3      | Paralysed by Grinder for 3 turns
  1001 | D:3      | Killed Grinder
  1001 | D:3      | Reached skill level 7 in Axes
  1001 | D:3      | Reached XP level 6. HP: 29/57 MP: 5/5
  1363 | D:3      | Reached XP level 7. HP: 42/64 MP: 6/6
  1602 | D:4      | Found Bycvaul's Armour Boutique.
  1627 | D:4      | Bought a +0 pair of boots for 63 gold pieces
  1640 | D:4      | Found Keseitzo's Book Shop.
  1656 | D:4      | Reached skill level 8 in Axes
  1847 | D:4      | Noticed Eustachio
  1889 | D:4      | Killed Eustachio
  2193 | D:4      | Noticed Edmund
  2205 | D:4      | Killed Edmund
  2205 | D:4      | Reached skill level 9 in Axes
  2209 | D:4      | Reached XP level 8. HP: 25/73 MP: 7/7
  2291 | D:4      | Found a hide-covered altar of Uskayaw.
  2326 | D:5      | Entered Level 5 of the Dungeon
  2472 | D:5      | Reached skill level 10 in Axes
  2479 | D:5      | Found a staircase to the Ecumenical Temple.
  2489 | Temple   | Entered the Ecumenical Temple
  2710 | D:5      | Noticed Pikel
  2731 | D:5      | Killed Pikel
  2731 | D:5      | Reached skill level 11 in Axes
  2921 | D:5      | Noticed a two-headed ogre
  2932 | D:5      | Killed a two-headed ogre
  2932 | D:5      | Reached XP level 9. HP: 45/82 MP: 8/8
  3074 | D:5      | Noticed a troll
  3111 | D:5      | Killed a troll
  3111 | D:5      | Reached skill level 12 in Axes
  4000 | D:6      | Noticed moogleknight's ghost (novice OgAM)
  4097 | D:6      | Found a sand-covered staircase.
  4106 | Ossuary  | Entered an ossuary
  4637 | D:6      | Found a faded altar of an unknown god.
  4637 | D:6      | Found a faded altar of an unknown god.
  4646 | D:6      | Found a faded altar of an unknown god.
  4648 | D:6      | Found a white marble altar of Elyvilon.
  4650 | D:6      | Found a faded altar of an unknown god.
  4720 | D:6      | Reached skill level 10 in Fighting
  4787 | D:6      | Reached skill level 13 in Axes
  5241 | D:7      | Reached XP level 10. HP: 89/94 MP: 9/9
  5253 | D:7      | Found an iron altar of Okawaru.
  5299 | D:7      | Reached skill level 5 in Armour
  5326 | D:7      | Found a deep blue altar of Sif Muna.
  5523 | D:7      | Found an ancient bone altar of Kikubaaqudgha.
  5695 | D:7      | Found a shimmering altar of Xom.
  5887 | D:8      | Reached skill level 14 in Axes
  6046 | D:8      | Noticed Psyche
  6054 | D:8      | Killed Psyche
  6253 | D:8      | Found Kahyza Zimi's Assorted Antiques.
  6401 | D:4      | Bought the +1 cloak of Starlight {rElec rC+ EV+4 Stlth--} for 623 gold pieces
  6526 | D:9      | Noticed PurpleRed's ghost (novice MiFi)
  6693 | D:9      | Found a glowing golden altar of the Shining One.
  6693 | D:9      | Found a burning altar of Makhleb.
  6705 | D:9      | Became a worshipper of Makhleb the Destroyer
  7132 | D:9      | Found an opulent altar of Gozag.
  7185 | D:9      | Found a blossoming altar of Fedhas.
  7216 | D:9      | Killed PurpleRed's ghost
  7371 | D:9      | Reached * piety under Makhleb
  7393 | D:10     | Entered Level 10 of the Dungeon
  7872 | D:9      | Found a staircase to the Lair.
  7956 | D:9      | Reached skill level 15 in Axes
  8067 | D:9      | Reached XP level 11. HP: 102/102 MP: 10/10
  8368 | D:10     | Killed an unseen horror
  8550 | D:10     | Noticed jamesreid's ghost (novice DgWz)
  8575 | D:10     | Killed jamesreid's ghost
  8660 | D:10     | Reached ** piety under Makhleb
  9200 | D:11     | Noticed a hill giant
  9208 | D:11     | Killed a hill giant
  9208 | D:11     | Reached skill level 16 in Axes
  9272 | D:11     | Noticed a seven-headed hydra
  9284 | D:11     | Killed a two-headed hydra
  9629 | D:11     | Noticed a hill giant
  9633 | D:11     | Reached *** piety under Makhleb
  9640 | D:11     | Killed a hill giant
  9750 | D:11     | Reached XP level 12. HP: 113/113 MP: 11/11
  9930 | D:12     | Reached skill level 17 in Axes
 10110 | D:12     | Found a staircase to the Orcish Mines.
 10142 | D:12     | Reached **** piety under Makhleb
 10180 | D:12     | Reached skill level 10 in Armour
 10214 | D:12     | Found a shadowy altar of Dithmenos.
 10388 | D:12     | Noticed a vampire mage
 10413 | D:12     | Killed a vampire mage
 10579 | D:12     | Noticed a vampire knight
 10595 | D:12     | Killed a vampire knight
 10598 | D:12     | Reached skill level 18 in Axes
 10609 | D:12     | Found a basalt altar of Yredelemnul.
 10964 | D:13     | Noticed a vault guard
 10966 | D:13     | Noticed a vault guard
 10970 | D:13     | Reached ***** piety under Makhleb
 10971 | D:13     | Noticed a vault guard
 10973 | D:13     | Noticed a vault guard
 10984 | D:13     | Killed a vault guard
 10988 | D:13     | Killed a vault guard
 10995 | D:13     | Killed a vault guard
 11007 | D:13     | Noticed a vault guard
 11021 | D:13     | Killed a vault guard
 11021 | D:13     | Reached XP level 13. HP: 43/123 MP: 4/12
 11073 | D:13     | Found a gate to the Vaults.
 11427 | D:13     | Reached skill level 19 in Axes
 11841 | D:14     | Learned a level 2 spell: Repel Missiles
 11845 | D:14     | Learned a level 2 spell: Blink
 12867 | D:15     | Entered Level 15 of the Dungeon
 12974 | D:15     | Reached skill level 20 in Axes
 12975 | D:15     | Reached XP level 14. HP: 131/133 MP: 13/13
 13015 | D:15     | Reached skill level 15 in Fighting
 13034 | D:15     | Reached ****** piety under Makhleb
 14538 | D:15     | Found a staircase to the Depths.
 14684 | D:15     | Identified a scroll of acquirement
 14826 | Orc:1    | Entered Level 1 of the Orcish Mines
 14996 | Orc:2    | Entered Level 2 of the Orcish Mines
 15164 | Orc:2    | Noticed Saint Roka
 15188 | Orc:1    | Noticed Erolcha
 15188 | Orc:1    | Noticed Nergalle
 15193 | Orc:1    | Killed Nergalle
 15197 | Orc:1    | Killed Erolcha
 15352 | Orc:1    | You fall through a shaft!
 15390 | Orc:2    | Found a roughly hewn altar of Beogh.
 15394 | Orc:2    | Noticed Sonja
 15608 | Orc:2    | Cast into level 1 of the Abyss (orc)
 15851 | Abyss:1  | Reached skill level 21 in Axes
 15852 | Abyss:1  | Noticed a lich
 15863 | Abyss:1  | Paralysed by a great orb of eyes for 4 turns
 15874 | Abyss:1  | Noticed a bone dragon
 15878 | Abyss:1  | Paralysed by a great orb of eyes for 4 turns
 15883 | Abyss:1  | Killed from afar by a lich

Vault maps used:
D:1:      dpeg_arrival_caged_fury
D:2:      first_bread, nicolae_tso_carved_into_rock, uniq_robin, uniq_iyjb
D:3:      overflow_temple_1_default, lemuel_round_altar, uniq_grinder
D:4:      nicolae_overflow_hidden_temple, serial_shops, shop, shop,
          kennysheep_generic_room_13, uniq_eustachio, uniq_edmund
D:5:      kennysheep_windowed_halls, uniq_pikel
D:6:      chequers_temple_overflow_minitemple, chequers_ossuary_entry_cave,
          corexii_leaking_fountain, minmay_misc_feat_ornament,
          hangedman_minor_gate_pass
D:7:      lemuel_round_altar, old_standard_altar, okawaru_ov_weapons_minmay,
          marbit_many_paths
D:8:      serial_shops, kennysheep_mini, uniq_psyche
D:9:      old_standard_altar, lemuel_crystal_altar,
          chequers_temple_overflow_statue_of_worship, erik_lair_orcish_takeover
D:10:     kennysheep_generic_room_5
D:11:     kennysheep_big_flooded_room
D:12:     lemuel_vampire_tower, orc_0_dummy, grunt_dithmenos_shadows
D:13:     erik_vaults_2
D:14:     minmay_misc_feat_iff, hangedman_pestilent_swarm,
          hangedman_abyss_or_decor_stagger
D:15:     grunt_enter_depths_snipers, hangedman_decor_peaks_small
Temple:   grunt_temple_mini_profane
Orc:1:    uniq_erolcha, uniq_gastronok, uniq_nergalle
Orc:2:    grunt_orc_community_town_hall, grunt_orc_community_big_house_2,
          grunt_orc_community_big_house_1, grunt_orc_community_house_3,
          grunt_orc_community_house_2, grunt_orc_community_house_3,
          grunt_orc_community_house_3, grunt_orc_community_house_2,
          minmay_orc_temple_b, uniq_sonja
Ossuary:  minmay_ossuary_gauntlet

Skill      XL: |  1  2  3  4  5  6  7  8  9 10 11 12 13 14 |
---------------+-------------------------------------------+-----
Axes           | 3 4 5 7 9 11 13 15 16 18 20 21 | 21.0
Fighting       | 4 5 6 7 8 10 11 12 13 14 15 | 15.7
Armour         | 4 7 9 11 12 13 | 13.7
Shields        | |  3.6

Action                   |  1- 3 |  4- 6 |  7- 9 | 10-12 | 13-15 || total
-------------------------+-------+-------+-------+-------+-------++-------
Melee: War axe           |    66 |    87 |   379 |   823 |   648 ||  2003
       Headbutt          |    10 |    12 |    58 |   165 |   142 ||   387
Evoke: Wand              |       |       |       |       |     2 ||     2
       Phial of floods   |       |       |       |       |     1 ||     1
  Use: Potion            |       |     1 |     3 |     2 |     7 ||    13
       Scroll            |       |       |    18 |     5 |     7 ||    30
 Stab: Invisible         |       |       |       |     1 |       ||     1
       Distracted        |       |       |       |       |     1 ||     1
  Eat: Chunk             |       |     2 |     8 |    15 |     5 ||    30
       Pizza             |       |       |     2 |       |     3 ||     5
       Royal jelly       |       |       |     1 |       |       ||     1
       Fruit             |       |       |       |     4 |     7 ||    11
       Beef jerky        |       |       |       |     1 |     3 ||     4
Armor: Scale mail        |    22 |    25 |    84 |       |       ||   131
       Chain mail        |       |       |   119 |    25 |       ||   144
       Plate armour      |       |       |       |   286 |   291 ||   577
Dodge: Dodged            |    31 |    23 |    85 |   160 |   205 ||   504
Block: Shield            |    24 |    38 |   163 |   279 |   210 ||   714
       Buckler           |       |       |       |       |    56 ||    56
       Reflection        |       |       |       |       |     3 ||     3
